 Dungeon Crawl Stone Soup version 0.27-b1-23-g44b8eac545 (webtiles) character file.

Game seed: 6603773162846588815

481 pikapanic the Cutter (level 6, -3/52 HPs)
             Began as a Palentonga Berserker on July 27, 2021.
             Was a Believer of Trog.
             Succumbed to a kobold brigand's poison
             ... on level 4 of the Dungeon.
             The game lasted 00:15:44 (4798 turns).

pikapanic the Cutter (Palentonga Berserker)         Turns: 4798, Time: 00:15:45

Health: -3/52      AC:  9    Str: 23    XL:     6   Next: 87%
Magic:  6/6        EV:  6    Int:  7    God:    Trog [**....]
Gold:   196        SH:  0    Dex:  9    Spells: 5/5 levels left

rFire    . . .     SeeInvis +   a - +0 short sword (vorpal)
rCold    . . .     Faith    .   (no shield)
rNeg     . . .     Spirit   .   o - +0 chain mail
rPois    .         Reflect  .   f - +0 helmet
rElec    .         Harm     .   g - +0 cloak
rCorr    .         Rampage  .   (no gloves)
Will     ++...                  (no barding)
Stlth    ..........             (no amulet)
HPRegen  1.17/turn              (no ring)
MPRegen  0.10/turn              (no ring)

@: lethally poisoned (-3 -> -16), strong-willed, on berserk cooldown,
regenerating, slowed, very slow
A: large, rugged brown scales 3, see invisible, deformed body, roll 1, armoured
tail
a: Rolling Charge, Renounce Religion, Berserk, Trog's Hand


You were on level 4 of the Dungeon.
You worshipped Trog.
Trog was pleased with you.
You visited 1 branch of the dungeon, and saw 4 of its levels.

You collected 196 gold pieces.

Inventory:

Hand Weapons
 a - a +0 vorpal short sword (weapon)
 n - a +2 vorpal hand crossbow
 r - a +3 quarterstaff of chaos
 w - a +4 spear
Missiles
 m - 47 bolts
Armour
 b - a +0 animal skin
 c - a +0 leather armour
 f - a +0 helmet (worn)
 g - a +0 cloak (worn)
 h - a +0 helmet
 j - a +0 scale mail
 o - a +0 chain mail (worn)
 s - a +2 cloak of poison resistance
Wands
 q - a wand of flame (39)
Scrolls
 l - a scroll of brand weapon
 p - a scroll of fog
 x - a scroll of torment
Potions
 d - a potion of magic {unknown}
 e - a potion of might {unknown}
 k - 2 potions of brilliance
 t - 2 potions of lignification
 u - a potion of heal wounds {unknown}
 v - a potion of curing


   Skills:
 + Level 4.3 Fighting
 * Level 6.9 Short Blades
 - Level 1.5 Armour
 - Level 1.5 Dodging
 - Level 0.4 Stealth
 - Level 0.8 Unarmed Combat


You had 5 spell levels left.
You didn't know any spells.
Your spell library contained the following spells:

 Spells                   Type           Power      Damage    Failure   Level
 Foxfire                  Conj/Fire      0%         2x1d4     99%         1
 Conjure Flame            Conj/Fire      0%         6-21      100%        3
 Inner Flame              Hex/Fire       0%         N/A       100%        3


Dungeon Overview and Level Annotations

Branches:
Dungeon (4/15)
 Temple: D:4-7

Altars:
Dithmenos
Okawaru
Trog
Zin

Shops:
D:4 !


Innate Abilities, Weirdness & Mutations

You are completely covered in rugged brown scales. (AC +3, +7% HP)
You have supernaturally acute eyesight. (SInv)
Armour fits poorly on your strangely shaped body.
You can roll at nearby foes to attack.
You have a long armoured tail.


Message History

You hit sixthgate's ghost but do no damage.
Sixthgate's ghost is almost destroyed.
Sixthgate's ghost hits you.
You hit sixthgate's ghost.
You destroy sixthgate's ghost!
Trog accepts your kill.
The kobold brigand hits you with a +1 dagger of venom.
You are poisoned.
The kobold hits you but does no damage.
You barely miss the kobold brigand.
You feel sick.
The kobold brigand hits you with a +1 dagger of venom.
You are more poisoned.
You closely miss the kobold brigand.
You feel sick. The kobold hits you but does no damage.
You feel sick.
You barely miss the kobold brigand.
You feel sick.
You feel sick.
You puncture the kobold brigand!
The kobold brigand is moderately wounded.
You feel sick.
You feel sick.
You puncture the kobold brigand!
The kobold brigand is severely wounded.
You feel sick.
The kobold brigand hits you with a +1 dagger of venom.
* * * LOW HITPOINT WARNING * * *
You are lethally poisoned!
* * * LOW HITPOINT WARNING * * *
You feel very sick.
You feel a strong urge to attack something.
You are no longer berserk.
You are exhausted.
You feel yourself slow down.
* * * LOW HITPOINT WARNING * * *
You feel sick.
The kobold brigand hits you but does no damage.
You are more poisoned.
Your skin crawls.
You feel strong-willed.
You die...

### #..#.# ##.# #..#.# ######.#
#....# #......# # ..# #...##
#....... #.#.##
#.#.########....... #.#..
#######.##....##....... ...#
##.......##....#..######
######.#+#....######....#.##P⌠P##
#...........#.#.@KK#...<#.#.....#
#.......)...+.#.##K#....#.'.###..
#...........#...(#))).)...'.....(
#.........................'.###.$
#.......................#.#.....#
#...............######..#.##≈⌠P##
#...............# ##.#..#####
#..........<....# #.###.#
#...............# #.###.#


You could see a kobold brigand and 2 kobolds.

Vanquished Creatures
  The ghost of sixthgate the Skirmisher, an amateur GnWn (D:4)
  2 scorpions (D:4)
  Crazy Yiuf (D:3)
  Ijyb (D:3)
  Terence (D:3)
  A gnoll (D:2)
  6 adders
  A shadow imp (D:4)
  An adder skeleton (D:3)
  2 worms (D:2)
  A dart slug (D:1)
  3 orcs
  7 endoplasms
  6 giant cockroaches
  3 goblins
  7 hobgoblins
  4 quokkas
  5 ball pythons
  5 bats
  5 frilled lizards
  6 kobolds (D:4)
  3 rats
72 creatures vanquished.

Vanquished Creatures (others)
  A fungus (D:4)
1 creature vanquished.

Grand Total: 73 creatures vanquished

Notes
Turn   | Place    | Note
-------+----------+-------------------------------------------
     0 | D:1      | pikapanic the Palentonga Berserker began the quest for the
                  | Orb.
     0 | D:1      | Reached XP level 1. HP: 19/19 MP: 1/1
   398 | D:1      | Reached XP level 2. HP: 25/25 MP: 2/2
   870 | D:2      | Reached XP level 3. HP: 8/31 MP: 3/3
  1185 | D:2      | Reached skill level 4 in Short Blades
  2044 | D:2      | Found a faded altar of an unknown god.
  2244 | D:2      | Reached XP level 4. HP: 39/39 MP: 4/4
  2787 | D:3      | Noticed Ijyb
  2845 | D:3      | Killed Ijyb
  3165 | D:3      | Reached skill level 5 in Short Blades
  3265 | D:3      | Found a runed translucent door.
  3266 | D:3      | Noticed Crazy Yiuf
  3315 | D:3      | Reached ** piety under Trog
  3452 | D:3      | Reached XP level 5. HP: 38/44 MP: 5/5
  3572 | D:3      | Found a bloodstained altar of Trog.
  3572 | D:3      | Found an iron altar of Okawaru.
  3572 | D:3      | Noticed Terence
  3595 | D:3      | Killed Terence
  3847 | D:3      | Killed Crazy Yiuf
  4217 | D:4      | Found a shadowy altar of Dithmenos.
  4344 | D:4      | Found Hoqoerud's Distillery.
  4448 | D:4      | Reached skill level 6 in Short Blades
  4448 | D:4      | Reached XP level 6. HP: 47/51 MP: 6/6
  4589 | D:4      | Found a glowing silver altar of Zin.
  4746 | D:4      | Found a runed translucent gate.
  4746 | D:4      | Found a runed translucent gate.
  4747 | D:4      | Found a runed translucent gate.
  4751 | D:4      | Noticed sixthgate's ghost (amateur GnWn)
  4786 | D:4      | Killed sixthgate's ghost
  4798 | D:4      | Succumbed to a kobold brigand's poison

Illustrated notes

Levels and vault maps discovered:
D:1:      dpeg_arrival_solitude, layout_basic
D:2:      minmay_general_purpose_star, layout_loops_corners,
          ebering_ecumenical_altar_webs, serial_park_tiny_pond,
          minmay_misc_feat_hallway
D:3:      layout_basic, grunt_temple_overflow_bloody_war, minmay_unequal,
          uniq_ijyb, uniq_terence, uniq_crazy_yiuf_cottage
D:4:      layout_basic, general_overflow_altar, zin_statuary,
          gammafunk_ghost_nasty_kobolds, serial_shops, shop_fountains

Skill      XL: |  1  2  3  4  5 |
---------------+----------------+-----
Short Blades   | 4 5 6 |  6.9
Fighting       | 4 |  4.3
Armour         | |  1.5
Dodging        | |  1.5
Stealth        | |  0.4
Unarmed Combat | |  0.8

Action                   |  1- 3 |  4- 6 || total
-------------------------+-------+-------++-------
Melee: Short sword       |   121 |   158 ||   279
       Tailslap          |    10 |    18 ||    28
       Unarmed           |       |    23 ||    23
Invok: Berserk           |       |     4 ||     4
       Trog's Hand       |       |     1 ||     1
 Abil: Rolling Charge    |    17 |    27 ||    44
  Use: Scroll            |     2 |     7 ||     9
 Stab: Held in net/web   |     2 |       ||     2
Armor: Leather armour    |    42 |     5 ||    47
       Skin              |       |    32 ||    32
       Chain mail        |       |    64 ||    64
       Scale mail        |       |     2 ||     2
Dodge: Dodged            |    41 |    56 ||    97
